 Dungeon Crawl Stone Soup version 0.31.0-32-g396128a36d (webtiles) character file.

Game seed: 14507578667015250915

171 PaiMei the Grave Robber (level 5, -4/38 HPs)
             Began as a Demonspawn Necromancer on Mar 11, 2024.
             Killed by divine providence
             ... invoked by an orc priest
              (16 damage)
             ... on level 4 of the Dungeon.
             The game lasted 00:05:14 (3488 turns).

PaiMei the Grave Robber (Demonspawn Necromancer)    Turns: 3488, Time: 00:05:14

Health: -4/38      AC:  2    Str:  8    XL:     5   Next: 26%
Magic:  4/9        EV: 12    Int: 18    God:
Gold:   120        SH:  0    Dex: 13    Spells: 6/10 levels left

rFire   + . .        o - +0 flail
rCold   + . .        (no shield)
rNeg    . . .        a - +0 robe
rPois   .            (no helmet)
rElec   .            g - scarf {rC+ rF+}
rCorr   .            (no gloves)
SInv    .            (no boots)
Will    .....        (no amulet)
Stlth   ++           (no ring)
HPRegen 0.26/turn    (no ring)
MPRegen 0.11/turn

%: no passive effects
@: no status effects
A: powered by pain 1, weakness stinger 1
a: no special abilities


You were on level 4 of the Dungeon.
You visited 1 branch of the dungeon, and saw 4 of its levels.

You collected 120 gold pieces.

Inventory:

Hand Weapons
 d - a +0 dagger
 i - a +0 short sword
 o - a +0 flail (weapon)
Missiles
 q - a throwing net
Armour
 a - a +0 robe (worn)
 g - a scarf of resistance (worn)
Scrolls
 c - 3 scrolls of identify {unknown}
 j - a scroll of noise {unknown}
 k - a scroll of amnesia {unknown}
 l - a scroll of summoning {unknown}
 n - a scroll of teleportation {unknown}
 r - 3 scrolls of blinking {unknown}
Potions
 b - a potion of magic
 e - 3 potions of degeneration {unknown}
 f - a potion of lignification {unknown}
 h - a potion of attraction {unknown}
 m - 3 potions of curing {unknown}
 p - a potion of invisibility {unknown}
 s - a potion of enlightenment {unknown}


   Skills:
 + Level 2.1 Fighting
 + Level 2.9 Dodging
 - Level 2.0 Stealth
 + Level 3.0 Spellcasting
 + Level 5.2 Necromancy


You had 6 spell levels left.
You knew the following spells:

 Your Spells              Type           Power      Damage    Failure   Level
a - Necrotise             Necr           84%        1d8       1%          1
b - Vampiric Draining     Necr           21%        2d7       5%          3

Your spell library contained the following spells:

 Spells                   Type           Power      Damage    Failure   Level
 Animate Dead             Necr           21%        N/A       19%         4
 Curse of Agony           Necr           21%        N/A       45%         5


Dungeon Overview and Level Annotations

Branches:
Dungeon (4/15)
 Temple: D:4-7

Altars:

Annotations:
D:4 Sigmund


Innate Abilities, Weirdness & Mutations

You sometimes gain a little power by taking damage.
You have a small tail.


Message History

Casting: Necrotise (safe; 1% risk of failure)
Confirm with . or Enter, or press ? or * to list all spells.
Aiming: Necrotise (safe; 1% risk of failure)
Press: ? - help, Shift-Dir - straight line, f/p - orc priest
Aim: an orc priest, wielding a +0 flail and wearing a +0 leather armour (heavily wounded, chance to affect: 80%)
The orc priest writhes in agony.
The orc priest barely misses you.
Casting: Necrotise (safe; 1% risk of failure)
Confirm with . or Enter, or press ? or * to list all spells.
Aiming: Necrotise (safe; 1% risk of failure)
Press: ? - help, Shift-Dir - straight line, f/p - orc priest
Aim: an orc priest, wielding a +0 flail and wearing a +0 leather armour (severely wounded, chance to affect: 80%)
The orc priest barely resists.
The orc priest closely misses you.
You barely miss the orc priest.
Your tail-slap misses the orc priest.
The orc priest is severely wounded.
The orc priest hits you with a +0 flail!
You hit the orc priest.
The orc priest is almost dead.
The orc priest miscasts a cantrip.
The orc priest looks braver for a moment.
You barely miss the orc priest.
The orc priest is almost dead.
The orc hits you with a +0 flail. The endoplasm freezes you.
You are frozen.
You resist.
The orc priest hits you with a +0 flail.
The orc hits you with a +0 flail.
The orc priest hits you with a +0 flail.
The endoplasm freezes you.
You are frozen.
You resist.
Casting: Necrotise (safe; 1% risk of failure)
Confirm with . or Enter, or press ? or * to list all spells.
Aiming: Necrotise (safe; 1% risk of failure)
Press: ? - help, Shift-Dir - straight line, f/p - orc priest
Aim: an orc priest, wielding a +0 flail and wearing a +0 leather armour (almost dead, chance to affect: 80%)
The orc priest writhes in agony.
You kill the orc priest!
The dead are walking!
The orc priest calls down the wrath of Beogh upon you.
Beogh smites you!
You die...

................
##..................##.
#........#######....##
##......## #.....##
#........# #.......
.....Z...# ##.......
......o..## ##...####.
......J)..# #...## #
......o@..## ##...#
...........###...##
................##
........##.......#
......######.......#
....## #.........# ...#
#...##...... ... #..##
###... .. #..# ##.


You could see an orc priest (ally target), an orc, an endoplasm and a friendly
orc priest skeleton.

Vanquished Creatures
  A jelly (D:2)
  An orc priest (D:4)
  An iguana (D:3)
  3 adders
  2 dart slugs
  3 ribbon worms
  5 ball pythons
  4 endoplasms
  2 giant cockroaches (D:1)
  5 goblins
  9 hobgoblins
  4 jackals (D:1)
  9 kobolds
  2 quokkas
  10 bats
  4 frilled lizards
  6 rats
71 creatures vanquished.

Vanquished Creatures (collateral kills)
  An endoplasm (D:1)
  A quokka (D:1)
  A kobold (D:1)
3 creatures vanquished.

Grand Total: 74 creatures vanquished

Notes
Turn   | Place    | Note
-------+----------+-------------------------------------------
     0 | D:1      | PaiMei the Demonspawn Necromancer began the quest for the
                  | Orb.
     0 | D:1      | Reached XP level 1. HP: 13/13 MP: 3/3
   267 | D:1      | Gained mutation: You have a small tail. [demonic ancestry]
   267 | D:1      | Reached XP level 2. HP: 19/19 MP: 1/5
   512 | D:1      | Found a faded altar of an unknown god.
   661 | D:1      | Reached XP level 3. HP: 24/25 MP: 2/6
   665 | D:1      | Learned a level 3 spell: Vampiric Draining
   983 | D:1      | Reached skill level 1 in Fighting
  1840 | D:2      | Gained mutation: You sometimes gain a little power by
                  | taking damage. [demonic ancestry]
  1840 | D:2      | Reached XP level 4. HP: 18/32 MP: 0/8
  2386 | D:2      | Reached skill level 5 in Necromancy
  2940 | D:3      | Reached XP level 5. HP: 27/38 MP: 3/9
  3270 | D:4      | Noticed Sigmund
  3488 | D:4      | Killed from afar by an orc priest

Illustrated notes

Levels and vault maps discovered:
D:1:      sevenhm_arrival_forest_fort_large_2, layout_rooms,
          basic_ecumenical_altar, hex_intersection
D:2:      layout_loops_corners, basic_altar, nicolae_hexahallways,
          grunt_decor_arrowhead
D:3:      layout_rooms
D:4:      layout_layer_cave, nemelex_diamond_rough_becter,
          minmay_temple_entry_gardened_gates, uniq_sigmund

Skill      XL: |  1  2  3  4 |
---------------+-------------+-----
Stealth        | 2 |  2.0
Dodging        | 2 |  2.9
Fighting       | 1 2 |  2.1
Necromancy     | 5 |  5.2
Spellcasting   | 3 |  3.0

Action                     |  1- 3 |  4- 6 || total
---------------------------+-------+-------++-------
  Melee: Dagger            |    34 |       ||    34
         Unarmed           |     9 |       ||     9
         Tailslap          |     2 |     2 ||     4
         Short sword       |     7 |       ||     7
         Flail             |       |    26 ||    26
   Cast: Necrotise         |    76 |    70 ||   146
 Armour: Robe              |    50 |    49 ||    99
  Dodge: Dodged            |    54 |    56 ||   110
